 Dungeon Crawl Stone Soup version 0.27-a0-242-ge0fc76b88b (webtiles) character file.

Game seed: 4596597111592634772

11720 Borgoz the Fighter (level 11, -3/101 HPs)
             Began as a Ghoul Gladiator on Feb 2, 2021.
             Was a Follower of Ashenzari.
             Slain by a polar bear (26 damage)
             ... on level 11 of the Dungeon.
             The game lasted 00:20:14 (13202 turns).

Borgoz the Fighter (Ghoul Gladiator)               Turns: 13202, Time: 00:20:15

Health: -3/101     AC: 16    Str: 19    XL:     11   Next: 82%
Magic:  10/10      EV: 18    Int:  3    God:    Ashenzari [*.....]
Gold:   692        SH:  0    Dex: 19    Spells: 10/10 levels left

rFire    . . .     SeeInvis .   b - +3 rapier (elec)
rCold    + . .     Faith    .   (no shield)
rNeg     + + +     Spirit   .   j - +0 ring mail
rPois    ∞         Reflect  .   c - +0 helmet
rElec    .         Harm     .   p - +2 cloak
rCorr    .         Rampage  .   u - +0 pair of gloves
Will     .....                  F - +2 pair of boots
Stlth    +.........             (no amulet)
HPRegen  0.00/turn              (no ring)
MPRegen  0.12/turn              m - +6 ring of dexterity

@: no status effects
A: claws 1, cold resistance 1, negative energy resistance 3, inhibited
regeneration, torment resistance, unbreathing
a: Renounce Religion, Curse Item, Scrying


You were on level 11 of the Dungeon.
You worshipped Ashenzari.
Ashenzari was aware of your devotion.
You visited 2 branches of the dungeon, and saw 12 of its levels.

You collected 692 gold pieces.

Inventory:

Hand Weapons
 a - a +0 long sword
 b - a +3 rapier of electrocution (weapon)
 h - a +2 great sword
Armour
 c - a +0 helmet (worn)
 j - a +0 ring mail (worn)
 p - a +2 cloak (worn)
 u - a +0 pair of gloves (worn)
 F - a +2 pair of boots (worn)
Jewellery
 m - a +6 ring of dexterity (right hand)
 s - a +6 ring of intelligence
Wands
 g - a wand of flame (55)
 t - a wand of iceblast (12)
 w - a wand of mindburst (24)
 A - a wand of paralysis (32)
 B - a wand of digging (9)
Scrolls
 e - 2 scrolls of magic mapping
 i - 3 scrolls of teleportation
 k - 6 scrolls of remove curse
 l - a scroll of blinking
 x - 2 scrolls of fog
Potions
 d - a potion of cancellation {unknown}
 f - a potion of curing
 n - 3 potions of flight
 q - a potion of resistance
 r - a potion of magic {unknown}
 v - a potion of brilliance


   Skills:
 + Level 10.4 Fighting
 + Level 9.0 Long Blades
 - Level 1.7 Throwing
 + Level 8.4 Armour
 + Level 9.0 Dodging


You had 10 spell levels left.
You didn't know any spells.
Your spell library contained the following spells:

 Spells                   Type           Power        Failure   Level
 Animate Skeleton         Necr           0%           67%         1
 Apportation              Tloc           0%           67%         1
 Corona                   Hex            0%           67%         1
 Summon Small Mammal      Summ           0%           67%         1
 Confusing Touch          Hex            0%           96%         3
 Gell's Gravitas          Tloc           0%           96%         3
 Lesser Beckoning         Tloc           0%           96%         3
 Tukima's Dance           Hex            0%           96%         3
 Petrify                  Tmut/Erth      0%           100%        4
 Alistair's Intoxication  Tmut/Pois      0%           100%        5
 Metabolic Englaciation   Hex/Ice        0%           100%        5
 Yara's Violent Unravell  Hex/Tmut       0%           100%        5
 Invisibility             Hex            0%           100%        6


Dungeon Overview and Level Annotations

Branches:
Dungeon (11/15)            Temple (1/1) D:6            Lair (0/6) D:9
    Orc: D:9-12

Altars:
Ashenzari
Cheibriados
Dithmenos
Elyvilon
Fedhas
Gozag
Hepliaklqana
Kikubaaqudgha
Makhleb
Nemelex Xobeh
Okawaru
Qazlal
Ru
Sif Muna
Trog
Uskayaw
Vehumet
Wu Jian
Xom
Yredelemnul
Zin
The Shining One

Shops:
D:2 *   D:5 (?   D:6 }   D:11 (

Portals:
Ice
Cave: D:11


Innate Abilities, Weirdness & Mutations

You thrive by killing the living.
You are immune to poison.
You have sharp fingernails.
Your flesh is cold resistant. (rC+)
You are immune to negative energy. (rN+++)
You do not regenerate when monsters are visible.
You are immune to unholy pain and torment.
You can survive without breathing.


Message History

* * * LOW HITPOINT WARNING * * *
You closely miss the polar bear.
The polar bear is almost dead.
The polar bear closely misses you. x3; The polar bear barely misses you.
The polar bear claws you but does no damage.
The polar bear barely misses you.
You closely miss the polar bear.
The polar bear is almost dead.
The polar bear bites you but does no damage.
The polar bear completely misses you. The polar bear claws you.
* * * LOW HITPOINT WARNING * * *
You feel better. The polar bear bites you!
* * * LOW HITPOINT WARNING * * *
The polar bear barely misses you. x2
You feel better. The polar bear completely misses you.
The polar bear misses you. x2; The polar bear barely misses you.
The polar bear claws you but does no damage.
The polar bear misses you.
You feel better. The polar bear bites you!!
You die... #....††)#.# ####'### # #.###########..) #...>..# #.#......###...###......# #.###.#.#######.....##......# #.....#......# ..∩.. #......# ######.......# .Y.. #......## #'###...# #Yh

#........ ≈≈≈≈ #...###h#
##.........
#≈≈≈≈≈#....##@####..........
#≈≈≈≈≈#.......#.)...........
#≈≈≈≈≈#..........).........
###+####.##........#...#...
...##........##..#...
######........# ..# ..
#........# #.# #........# .#
#........#


You could see a polar bear (berserk), 2 yaks and a wolf.

Vanquished Creatures
  An ice dragon (D:11)
  2 two-headed ogres
  Nergalle (D:10)
  Maurice (D:10)
  A gargoyle (D:10)
  A rime drake (D:11)
  2 trolls (D:9)
  2 hornets
  Grinder (D:3)
  A shadow (D:11)
  10 yaks
  A water moccasin (D:8)
  Duvessa (D:7)
  2 orc warriors
  2 ice beasts
  4 sky beasts
  A black bear (D:9)
  5 ogres
  4 centaurs
  3 phantoms
  3 big kobolds
  3 bullfrogs
  2 wyvern zombies
  A gnoll sergeant (D:8)
  Dowan (D:7)
  4 scorpions
  6 killer bees (D:7)
  2 vampire bats (D:9)
  3 jellies
  11 wights
  3 howler monkeys (D:10)
  Crazy Yiuf (D:3)
  7 orc priests
  4 bullfrog skeletons
  5 hounds
  A centaur skeleton (D:7)
  Natasha (thrice) (D:3)
  2 iguanas
  18 orc wizards
  10 worker ants
  2 hound skeletons
  A hound zombie (D:8)
  14 gnolls
  11 adders
  5 shadow imps
  3 white imps
  2 ufetubi
  An ooze (D:2)
  An adder skeleton (D:4)
  3 worms
  3 dart slugs
  3 leopard geckos
  51 orcs
  A ball python (D:2)
  2 bat skeletons (D:9)
  3 bat zombies (D:9)
  3 giant cockroaches
  7 goblins
  6 hobgoblins
  4 jackals (D:5)
  5 quokkas
  A ball python zombie (D:1)
  9 bats
  7 frilled lizards
  2 jackal skeletons (D:4)
  16 kobolds
  A leopard gecko skeleton (D:4)
  A leopard gecko zombie (D:5)
  A quokka skeleton (D:7)
  2 quokka zombies
  14 rats
321 creatures vanquished.

Notes
Turn   | Place    | Note
-------+----------+-------------------------------------------
     0 | D:1      | Borgoz the Ghoul Gladiator began the quest for the Orb.
     0 | D:1      | Reached XP level 1. HP: 17/17 MP: 0/0
   161 | D:1      | Reached XP level 2. HP: 25/25 MP: 1/1
   644 | D:1      | Reached skill level 1 in Armour
   644 | D:1      | Reached XP level 3. HP: 30/30 MP: 2/2
  1151 | D:2      | Reached XP level 4. HP: 25/37 MP: 3/3
  1512 | D:2      | Reached skill level 3 in Fighting
  1566 | D:2      | Found a stormy altar of Qazlal.
  2031 | D:2      | Found a glowing silver altar of Zin.
  2032 | D:2      | Found Zin's Purification Station.
  2339 | D:2      | Reached XP level 5. HP: 34/45 MP: 4/4
  2561 | D:2      | Found a sparkling altar of Nemelex Xobeh.
  2966 | D:3      | Found a faded altar of an unknown god.
  3068 | D:3      | Found a shimmering altar of Xom.
  3101 | D:3      | Noticed Natasha
  3108 | D:3      | Killed Natasha
  3286 | D:3      | Found a sacrificial altar of Ru.
  3326 | D:3      | Noticed Grinder
  3351 | D:3      | Killed Grinder
  3352 | D:3      | Reached skill level 4 in Fighting
  3352 | D:3      | Reached XP level 6. HP: 47/52 MP: 5/5
  3503 | D:3      | Found a runed translucent door.
  3504 | D:3      | Noticed Crazy Yiuf
  3518 | D:3      | Noticed Natasha
  3532 | D:3      | Killed Natasha
  3573 | D:3      | Noticed Natasha
  3582 | D:3      | Killed Natasha
  3583 | D:3      | Reached XP level 7. HP: 34/59 MP: 6/6
  3855 | D:3      | Killed Crazy Yiuf
  4615 | D:4      | Reached skill level 5 in Fighting
  4715 | D:4      | Found a sparkling altar of Nemelex Xobeh.
  4881 | D:4      | Reached XP level 8. HP: 68/68 MP: 7/7
  5014 | D:4      | Found a blossoming altar of Fedhas.
  5090 | D:5      | Entered Level 5 of the Dungeon
  5130 | D:5      | Found Akyac's Weapon Shoppe.
  5232 | D:5      | Reached skill level 5 in Dodging
  5251 | D:5      | Reached skill level 5 in Long Blades
  5290 | D:5      | Found a bloodstained altar of Trog.
  5352 | D:5      | Found a hazy altar of Hepliaklqana.
  5540 | D:5      | Found Oxtile Navomn's Magic Scroll Boutique.
  5855 | D:5      | Reached skill level 6 in Fighting
  6048 | D:4      | Found a broken altar of Ashenzari.
  6056 | D:4      | Became a worshipper of Ashenzari the Shackled
  6255 | D:6      | Reached XP level 9. HP: 71/77 MP: 8/8
  6578 | D:6      | Found Voir's Gadget Emporium.
  6707 | D:6      | Found a staircase to the Ecumenical Temple.
  6719 | Temple   | Entered the Ecumenical Temple
  6819 | D:7      | Noticed Dowan
  6820 | D:7      | Noticed Duvessa
  6838 | D:6      | Reached skill level 5 in Armour
  6934 | D:7      | Killed Duvessa
  6945 | D:7      | Killed Dowan
  7461 | D:7      | Reached skill level 7 in Fighting
  8145 | D:7      | Found a radiant altar of Vehumet.
  8375 | D:8      | Noticed a two-headed ogre
  8387 | D:8      | Killed a two-headed ogre
  8388 | D:8      | Reached skill level 8 in Fighting
  8388 | D:8      | Reached XP level 10. HP: 14/88 MP: 9/9
  8726 | D:8      | Reached * piety under Ashenzari
  8963 | D:8      | Found a white marble altar of Elyvilon.
  9756 | D:9      | Noticed a two-headed ogre
  9771 | D:9      | Killed a two-headed ogre
 10020 | D:9      | Reached skill level 9 in Fighting
 10151 | D:9      | Found an ancient bone altar of Kikubaaqudgha.
 10211 | D:9      | Found a staircase to the Lair.
 10410 | D:9      | Found a white marble altar of Elyvilon.
 10716 | D:10     | Entered Level 10 of the Dungeon
 10729 | D:10     | Reached XP level 11. HP: 95/97 MP: 10/10
 10804 | D:10     | Noticed Nergalle
 12181 | D:10     | Killed Nergalle
 12259 | D:10     | Noticed Maurice
 12268 | D:10     | Killed Maurice
 12269 | D:10     | Reached skill level 10 in Fighting
 13078 | D:11     | Found Fetevevi's Weapon Shoppe.
 13157 | D:11     | Noticed an ice dragon
 13157 | D:11     | Found a frozen archway.
 13166 | D:11     | Killed an ice dragon
 13202 | D:11     | Slain by a polar bear

Illustrated notes

Levels and vault maps discovered:
D:1:      saegor_arrival_fortress, layout_basic, serial_forest,
          infiniplex_forest_end_1, infiniplex_forest_clump_cross,
          infiniplex_forest_lined_3, infiniplex_forest_clump_long,
          infiniplex_forest_clump_diagonal
D:2:      layout_loops_ring, marbit_many_paths, zin_purify,
          nicolae_qazlal_general_emergency
D:3:      layout_rooms, lemuel_coloured_pillars_altar,
          overflow_temple_1_default, chequers_ecumenical_altar_twisty,
          uniq_grinder, uniq_natasha, uniq_crazy_yiuf_cottage
D:4:      layout_rooms, lemuel_round_altar, nicolae_overflow_hidden_temple,
          nemelex_spade_bored_becter
D:5:      layout_basic, kennysheep_mini, general_overflow_altar, serial_shops,
          kennysheep_mini_moat, nicolae_shop_stone
D:6:      layout_basic, minmay_temple_entry_statues_fountains, serial_shops,
          nicolae_shop_temple_entry_statues_fountains
D:7:      layout_basic, vehumet_altar_wand_db, grunt_ministairs_9, st_stairs_8,
          uniq_duvessa
D:8:      layout_cave_pools, basic_altar
D:9:      layout_stronghold, kennysheep_vampire_church, lemuel_crystal_altar,
          lair_entry_dummy, serial_bayou_pond_c
D:10:     layout_grid_maze, uniq_maurice, uniq_nergalle
D:11:     layout_basic, serial_shops, shop,
          portal_ice_cave_entry_animals_and_master,
          chequers_serial_rivers_room_b, kennysheep_big_empty_room
Temple:   eino_temple_lava

Skill      XL: |  1  2  3  4  5  6  7  8  9 10 11 |
---------------+----------------------------------+-----
Long Blades    | 3 4 5 7 8 9 |  9.0
Armour         | 1 2 3 4 6 7 8 |  8.4
Dodging        | 3 4 5 7 8 9 |  9.0
Fighting       | 3 4 5 6 8 9 10 | 10.4
Throwing       | |  1.7

Action                   |  1- 3 |  4- 6 |  7- 9 | 10-12 || total
-------------------------+-------+-------+-------+-------++-------
Melee: Long sword        |    43 |       |       |   260 ||   303
       Dagger            |    42 |   178 |   137 |       ||   357
       Rapier            |       |       |   440 |   414 ||   854
Throw: Throwing net      |     1 |       |     1 |     2 ||     4
Evoke: Wand              |       |       |       |     3 ||     3
  Use: Scroll            |     2 |     7 |     3 |    13 ||    25
       Potion            |       |     1 |       |     7 ||     8
 Stab: Paralysed         |       |       |       |    11 ||    11
       Held in net/web   |       |       |       |     4 ||     4
Armor: Leather armour    |    45 |    12 |       |       ||    57
       Ring mail         |       |    44 |   272 |   315 ||   631
Dodge: Dodged            |    64 |    80 |   463 |   681 ||  1288
       Rpst.: Long sword |    14 |       |       |    99 ||   113

Table legend: (Time is in decaauts)
 A = Elapsed time spent in this place.
 B = Non-inter-level travel time spent in this place.
 C = Inter-level travel time spent in this place.
 D = Time resting spent in this place.
 E = Time spent auto-exploring this place.
 F = Levels seen in this place.
 G = Mean time per level.
                   A        B        C        D        E       F      G
               +--------+--------+--------+--------+--------+-----+--------+
         Total |  13165 |  12727 |    438 |   4017 |   5936 |  12 | 1097.1 |
       Dungeon |  13087 |  12653 |    434 |   4017 |   5870 |  11 | 1189.7 |
        Temple |     77 |     73 |      4 |      0 |     66 |   1 |   77.0 |
               +--------+--------+--------+--------+--------+-----+--------+

Top non-repeatable levels by time:
    D:10: 2233 daAuts
     D:2: 1744 daAuts
     D:9: 1507 daAuts
     D:7: 1283 daAuts
     D:3: 1244 daAuts
     D:1: 1124 daAuts
     D:8: 1017 daAuts
     D:5: 966 daAuts
     D:4: 952 daAuts
     D:6: 777 daAuts
    D:11: 235 daAuts
  Temple: 77 daAuts
